3R
SANTA FE REVOLVERS @ HUDSONVILLE FLANDERSES
05/20/2034
 
TOP OF THE 1ST
Santa Fe Revolvers batting - Pitching for Hudsonville Flanderses : RHP Glenn Suggett
Pitching: RHP Glenn Suggett
Batting: RHB Vesa Karpinen 0-0: Ball
1-0: Fly out, F1 (Line Drive, 13)
Batting: LHB Q' Drennan 0-0: Called Strike
0-1: Ball
1-1: Called Strike
1-2: Ball
2-2: Ball
3-2: DOUBLE (Line Drive, 9LM)
Batting: LHB Leilani Aberahama 0-0: Ground out 6-3 (Groundball, 6M)
Q' Drennan to third
Batting: RHB Timo Zwiefelhofer 0-0: Ball
1-0: Foul Ball, location: 2F
1-1: Ball
2-1: Ground out 5-3 (Groundball, 56)
Top of the 1st over - 0 runs, 1 hit, 0 errors, 1 left on base; Santa Fe 0 - Hudsonville 0
BOTTOM OF THE 1ST
Hudsonville Flanderses batting - Pitching for Santa Fe Revolvers : RHP José Arellano
Pitching: RHP José Arellano
Batting: RHB Jasper Humphrey 0-0: Ball
1-0: SOLO HOME RUN (Flyball, 9D), Distance : 359 ft
Batting: RHB Olkhovsky Gennadiyevich 0-0: Ball
1-0: Swinging Strike
1-1: Ball
2-1: Called Strike
2-2: Strikes out swinging
Batting: RHB Raúl Colomo 0-0: Ground out U3 (Groundball, 3)
Batting: RHB Rex Mosley 0-0: SINGLE (Groundball, 6D)
Batting: RHB Dan Kennedy 0-0: Ball
1-0: Fly out, F8 (Flyball, 8LM)
Bottom of the 1st over - 1 run, 2 hits, 0 errors, 1 left on base; Santa Fe 0 - Hudsonville 1
TOP OF THE 2ND
Santa Fe Revolvers batting - Pitching for Hudsonville Flanderses : RHP Glenn Suggett
Batting: RHB Gary Ellis 0-0: Ball
1-0: Ball
2-0: Ball
3-0: Base on Balls
Batting: RHB Eric Landry 0-0: Ball
1-0: Called Strike
1-1: Ball
2-1: Fly out, F8 (Flyball, 89D)
Batting: LHB Sean Cox 0-0: Swinging Strike
0-1: Foul Ball, location: 2F
0-2: Foul Ball, location: 2F
0-2: Foul Ball, location: 2F
0-2: Foul Ball, location: 2F
0-2: Ball
1-2: SINGLE (Line Drive, 6MD)
Gary Ellis to second
Batting: RHB Sterling Massingham 0-0: Ball
1-0: Called Strike
1-1: Ball
2-1: Foul Ball, location: 2F
2-2: Foul Ball, location: 2F
2-2: Ball
3-2: Base on Balls
Gary Ellis to third
Sean Cox to second
Batting: RHB Gerold Kent 0-0: Ball
1-0: Called Strike
1-1: Ball
2-1: Fly out, F6 (Line Drive, 6)
Batting: RHB Vesa Karpinen 0-0: Ball
1-0: Fielders Choice at 2nd, 5-4 (Groundball, 5L)
Top of the 2nd over - 0 runs, 1 hit, 0 errors, 3 left on base; Santa Fe 0 - Hudsonville 1
BOTTOM OF THE 2ND
Hudsonville Flanderses batting - Pitching for Santa Fe Revolvers : RHP José Arellano
Batting: LHB Carlos Castro 0-0: Foul Ball, location: 2F
0-1: Ball
1-1: Ball
2-1: Foul Ball, location: 2F
2-2: Ground out 6-3 (Groundball, 6)
Batting: RHB Nicodemo Nardone 0-0: Called Strike
0-1: Fly out, F6 (Line Drive, 6M)
Batting: RHB Salvador Pirado 0-0: Ball
1-0: Ball
2-0: Ball
3-0: Base on Balls
Batting: RHB Alex Fields 0-0: Foul Ball, location: 2F
0-1: Swinging Strike
0-2: Foul Ball, location: 2F
0-2: Foul Ball, location: 2F
0-2: Foul Ball, location: 2F
0-2: Ball
1-2: Ball
2-2: Ball
3-2: Strikes out swinging
Bottom of the 2nd over - 0 runs, 0 hits, 0 errors, 1 left on base; Santa Fe 0 - Hudsonville 1
TOP OF THE 3RD
Santa Fe Revolvers batting - Pitching for Hudsonville Flanderses : RHP Glenn Suggett
Batting: LHB Q' Drennan 0-0: Called Strike
0-1: Foul Ball, location: 2F
0-2: Ball
1-2: Ball
2-2: Foul Ball, location: 2F
2-2: Ball
3-2: SOLO HOME RUN (Flyball, 9LD), Distance : 356 ft
Batting: LHB Leilani Aberahama 0-0: Ball
1-0: Ball
2-0: Called Strike
2-1: Called Strike
2-2: Ball
3-2: Strikes out swinging
Batting: RHB Timo Zwiefelhofer 0-0: Fly out, F8 (Flyball, 89M)
Batting: RHB Gary Ellis 0-0: Called Strike
0-1: Swinging Strike
0-2: Ball
1-2: Ball
2-2: Foul Ball, location: 2F
2-2: Foul Ball, location: 2F
2-2: Fly out, F4 (Line Drive, 4M)
Top of the 3rd over - 1 run, 1 hit, 0 errors, 0 left on base; Santa Fe 1 - Hudsonville 1
BOTTOM OF THE 3RD
Hudsonville Flanderses batting - Pitching for Santa Fe Revolvers : RHP José Arellano
Batting: RHB Jasper Humphrey 0-0: Bunted foul
0-1: Foul Ball, location: 2F
0-2: Ball
1-2: Fly out, F3 (Line Drive, 3)
Batting: RHB Olkhovsky Gennadiyevich 0-0: Ball
1-0: Ball
2-0: Ball
3-0: Called Strike
3-1: Foul Ball, location: 2F
3-2: SOLO HOME RUN (Flyball, 7LD), Distance : 366 ft
Batting: RHB Raúl Colomo 0-0: Ground out 6-3 (Groundball, 6)
Batting: RHB Rex Mosley 0-0: Swinging Strike
0-1: Ball
1-1: Swinging Strike
1-2: Strikes out swinging, 2-3 out at first.
Bottom of the 3rd over - 1 run, 1 hit, 0 errors, 0 left on base; Santa Fe 1 - Hudsonville 2
TOP OF THE 4TH
Santa Fe Revolvers batting - Pitching for Hudsonville Flanderses : RHP Glenn Suggett
Batting: RHB Eric Landry 0-0: Foul Ball, location: 2F
0-1: Ball
1-1: Ball
2-1: SINGLE (Line Drive, 89S)
Batting: LHB Sean Cox 0-0: Ball
1-0: Swinging Strike
1-1: Foul Ball, location: 2F
1-2: Ball
2-2: Strikes out swinging
Batting: RHB Sterling Massingham 0-0: SINGLE (Groundball, 6MD)
Eric Landry to second
Batting: RHB Gerold Kent 0-0: Called Strike
0-1: Ball
1-1: Called Strike
1-2: Ball
2-2: Foul Ball, location: 2F
2-2: Strikes out looking
Batting: RHB Vesa Karpinen 0-0: Ball
1-0: Fly out, F7 (Flyball, 7LSF)
Top of the 4th over - 0 runs, 2 hits, 0 errors, 2 left on base; Santa Fe 1 - Hudsonville 2
BOTTOM OF THE 4TH
Hudsonville Flanderses batting - Pitching for Santa Fe Revolvers : RHP José Arellano
Batting: RHB Dan Kennedy 0-0: SINGLE (Groundball, 56) (infield hit)
Batting: LHB Carlos Castro 0-0: Ball
1-0: SINGLE (Line Drive, 6MD)
Dan Kennedy to second
Batting: RHB Nicodemo Nardone 0-0: Ball
1-0: Ball
2-0: Called Strike
2-1: Called Strike
2-2: Ball
3-2: Strikes out swinging
Batting: RHB Salvador Pirado 0-0: Called Strike
Dan Kennedy steals 3rd base
0-1: Ball
1-1: Ball
2-1: Foul Ball, location: 2F
2-2: Foul Ball, location: 2F
2-2: Strikes out looking
Batting: RHB Alex Fields 0-0: Called Strike
0-1: Foul Ball, location: 2F
0-2: Fly out, F4 (Popup, 4)
Bottom of the 4th over - 0 runs, 2 hits, 0 errors, 2 left on base; Santa Fe 1 - Hudsonville 2
TOP OF THE 5TH
Santa Fe Revolvers batting - Pitching for Hudsonville Flanderses : RHP Glenn Suggett
Pitching: RHP Duckens Nazon
Batting: LHB Q' Drennan 0-0: SINGLE (Flyball, 3D)
Batting: LHB Leilani Aberahama 0-0: Foul Ball, location: 2F
0-1: Foul Ball, location: 2F
0-2: Ball
1-2: Ball
2-2: Ball
3-2: Reached on error, E6 (Popup, 6MD)
Q' Drennan to second
Batting: RHB Timo Zwiefelhofer 0-0: Foul Ball, location: 2F
0-1: Ball
1-1: Foul Ball, location: 2F
1-2: Ball
2-2: Foul Ball, location: 2F
2-2: Grounds into double play, 4-6-3 (Groundball, 4)
Q' Drennan to third
Batting: RHB Gary Ellis 0-0: Called Strike
0-1: Ball
1-1: Swinging Strike
1-2: Ball
2-2: Foul Ball, location: 2F
2-2: Strikes out swinging
Top of the 5th over - 0 runs, 1 hit, 1 error, 1 left on base; Santa Fe 1 - Hudsonville 2
BOTTOM OF THE 5TH
Hudsonville Flanderses batting - Pitching for Santa Fe Revolvers : RHP José Arellano
Batting: RHB Jasper Humphrey 0-0: Called Strike
0-1: Ball
1-1: Ball
2-1: SINGLE (Line Drive, 9LS)
Batting: RHB Olkhovsky Gennadiyevich 0-0: Called Strike
0-1: DOUBLE (Line Drive, 9LS)
Jasper Humphrey to third
Runner from 3rd tries for Home, SAFE, no throw
Batting: RHB Raúl Colomo 0-0: Foul Ball, location: 2F
0-1: Called Strike
0-2: Strikes out swinging
Batting: RHB Rex Mosley 0-0: Intentional Walk
Batting: RHB Dan Kennedy 0-0: Swinging Strike
0-1: Ball
1-1: Foul Ball, location: 2F
1-2: Foul Ball, location: 2F
1-2: Strikes out swinging
Batting: LHB Carlos Castro 0-0: Ball
1-0: Ball
2-0: Ball
3-0: Called Strike
3-1: Base on Balls
Olkhovsky Gennadiyevich to third
Rex Mosley to second
Batting: RHB Nicodemo Nardone 0-0: Called Strike
0-1: Swinging Strike
0-2: Ball
1-2: Ball
2-2: Foul Ball, location: 2F
2-2: Foul Ball, location: 2F
2-2: Ball
3-2: Foul Ball, location: 2F
3-2: Strikes out swinging
Bottom of the 5th over - 1 run, 2 hits, 0 errors, 3 left on base; Santa Fe 1 - Hudsonville 3
TOP OF THE 6TH
Santa Fe Revolvers batting - Pitching for Hudsonville Flanderses : RHP Duckens Nazon
Batting: RHB Eric Landry 0-0: Ball
1-0: Called Strike
1-1: Swinging Strike
1-2: Ground out 4-3 (Groundball, 4S)
Batting: LHB Sean Cox 0-0: Ground out 6-3 (Groundball, 6)
Batting: RHB Sterling Massingham 0-0: Ball
1-0: Swinging Strike
1-1: Called Strike
1-2: Strikes out looking
Top of the 6th over - 0 runs, 0 hits, 0 errors, 0 left on base; Santa Fe 1 - Hudsonville 3
BOTTOM OF THE 6TH
Hudsonville Flanderses batting - Pitching for Santa Fe Revolvers : RHP José Arellano
Batting: RHB Salvador Pirado 0-0: Ball
1-0: Called Strike
1-1: Ball
2-1: Ground out 5-3 (Groundball, 56S)
Batting: RHB Alex Fields 0-0: Foul Ball, location: 2F
0-1: Ball
1-1: SINGLE (Popup, 6MD)
Batting: RHB Jasper Humphrey 0-0: Ball
1-0: Called Strike
1-1: SINGLE (Flyball, 9LS)
Alex Fields to second
Runner from 2nd tries for 3rd, SAFE, no throw
Batting: RHB Olkhovsky Gennadiyevich 0-0: Foul Ball, location: 2F
0-1: Ball
1-1: Called Strike
1-2: Fly out, F9 (Flyball, 89D)
Runner from 3rd tags up, SCORES, no throw
Batting: RHB Raúl Colomo 0-0: DOUBLE (Line Drive, 78D)
Jasper Humphrey to third
Runner from 3rd tries for Home, SAFE, no throw
Batting: RHB Rex Mosley 0-0: Intentional Walk
Pitching: RHP Govaart van Ankeren
Batting: RHB Dan Kennedy 0-0: Ball
1-0: Fly out, F7 (Flyball, 7LMF)
Bottom of the 6th over - 2 runs, 3 hits, 0 errors, 2 left on base; Santa Fe 1 - Hudsonville 5
TOP OF THE 7TH
Santa Fe Revolvers batting - Pitching for Hudsonville Flanderses : RHP Duckens Nazon
Batting: RHB Gerold Kent 0-0: Ball
1-0: Called Strike
1-1: Fly out, F4 (Popup, 4MD)
Batting: RHB Vesa Karpinen 0-0: Ball
1-0: Ball
2-0: SINGLE (Line Drive, 9S)
Batting: LHB Q' Drennan 0-0: Foul Ball, location: 2F
0-1: Called Strike
0-2: SINGLE (Groundball, 34S) (infield hit)
Vesa Karpinen to second
Batting: LHB Leilani Aberahama 0-0: Ball
1-0: Ball
2-0: Foul Ball, location: 2F
2-1: Foul Ball, location: 2F
2-2: Ball
3-2: Foul Ball, location: 2F
3-2: SINGLE (Line Drive, 6MD)
Vesa Karpinen to third
Q' Drennan to second
Batting: RHB Timo Zwiefelhofer 0-0: Called Strike
0-1: Ball
1-1: Swinging Strike
1-2: Strikes out swinging
Batting: RHB Gary Ellis 0-0: Ball
1-0: Swinging Strike
1-1: Ball
2-1: Swinging Strike
2-2: Strikes out looking
Top of the 7th over - 0 runs, 3 hits, 0 errors, 3 left on base; Santa Fe 1 - Hudsonville 5
BOTTOM OF THE 7TH
Hudsonville Flanderses batting - Pitching for Santa Fe Revolvers : RHP Govaart van Ankeren
Batting: LHB Carlos Castro 0-0: Ball
1-0: Ball
2-0: Ball
3-0: Base on Balls
Batting: RHB Nicodemo Nardone 0-0: Bunt missed!
0-1: Bunted foul
0-2: Ball
1-2: Ball
2-2: Foul Ball, location: 2F
2-2: Ball
3-2: Foul Ball, location: 2F
3-2: Grounds into double play, 6-4-3 (Groundball, 6M)
Batting: RHB Salvador Pirado 0-0: Ball
1-0: Foul Ball, location: 2F
1-1: Foul Ball, location: 2F
1-2: Ball
2-2: Strikes out swinging
Bottom of the 7th over - 0 runs, 0 hits, 0 errors, 0 left on base; Santa Fe 1 - Hudsonville 5
TOP OF THE 8TH
Santa Fe Revolvers batting - Pitching for Hudsonville Flanderses : RHP Duckens Nazon
Batting: RHB Eric Landry 0-0: Ball
1-0: Called Strike
1-1: Ground out 6-3 (Groundball, 56)
Batting: LHB Sean Cox 0-0: Ball
1-0: Ground out 6-3 (Groundball, 6MS)
Batting: RHB Sterling Massingham 0-0: Ball
1-0: Called Strike
1-1: Swinging Strike
1-2: Strikes out swinging
Top of the 8th over - 0 runs, 0 hits, 0 errors, 0 left on base; Santa Fe 1 - Hudsonville 5
BOTTOM OF THE 8TH
Hudsonville Flanderses batting - Pitching for Santa Fe Revolvers : RHP Govaart van Ankeren
Batting: RHB Alex Fields 0-0: Hit by Pitch
Batting: RHB Jasper Humphrey 0-0: Fielders Choice at 2nd, 4-6 (Groundball, 34)
Batting: RHB Olkhovsky Gennadiyevich 0-0: Ball
1-0: Fly out, F9 (Flyball, 9)
Batting: RHB Raúl Colomo 0-0: Called Strike
0-1: Ball
1-1: Fly out, F3 (Popup, 23F)
Bottom of the 8th over - 0 runs, 0 hits, 0 errors, 1 left on base; Santa Fe 1 - Hudsonville 5
TOP OF THE 9TH
Santa Fe Revolvers batting - Pitching for Hudsonville Flanderses : RHP Duckens Nazon
Batting: RHB Gerold Kent 0-0: Ball
1-0: Called Strike
1-1: Fly out, F9 (Flyball, 9D)
Batting: RHB Vesa Karpinen 0-0: Foul Ball, location: 2F
0-1: Foul Ball, location: 2F
0-2: Strikes out swinging
Batting: LHB Q' Drennan 0-0: Ball
1-0: Ball
2-0: Ball
3-0: Base on Balls
Batting: LHB Leilani Aberahama 0-0: Swinging Strike
0-1: Foul Ball, location: 2F
0-2: Fly out, F4 (Popup, 4M)
Top of the 9th over - 0 runs, 0 hits, 0 errors, 1 left on base; Santa Fe 1 - Hudsonville 5
Friday, March 29th, 2019 - OOTP Baseball 18.8 Build 76